AoeStats
← Chigüiro

Black Forest

509234074Analyzed
4v4 RM · 7d ago on Sep 26, 2026· 41m 42s· 8 players
Game mode
Random Map
Map size
Large (8 player)
Population
200
Speed
Normal
Resources
Standard
Victory
Conquest
Starting age
Dark Age
Ending age
Imperial Age
RankedLock teamsTeams togetherTeam positionsShared explorationLock speedFull tech treeHidden civsTurbo modeCheats
Victory
Defeat
🇦🇷 Burgundians · Argentina
1829
+5
1745
+8
🇦🇷 Varangians · Argentina
1414
+19
🇪🇸 Lithuanians · Spain
1369
+21
🇻🇳 Maya · Vietnam
1596
-16
🇨🇴 Lithuanians · Colombia
1525
-13
🇧🇷 Teutons · Brazil
1492
-12
🇧🇷 Sicilians · Brazil
1487
-12
Chigüiro
11:25 Feudal Age
15:27 Castle Age
13:39 Double-Bit Axe
18:26 Loom
20:17 Scale Mail Armor
20:15 Pikeman
23:21 Chain Mail Armor
23:32 Fishing Lines
23:53 Light Cavalry
24:56 Forging
25:44 Husbandry
30:48 Bow Saw
30:20 Horse Collar
35:30 Imperial Age
33:14 Heavy Plow
34:02 Scale Barding Armor
34:25 Gold Mining
34:27 Stone Mining
36:14 Halberdier
36:54 Squires
37:33 Iron Casting
37:04 Tower Shields
37:26 Conscription
37:37 Fletching
38:57 Bodkin Arrow
41:03 Medium Warships
Tylenol
12:56 Feudal Age
16:41 Castle Age
14:45 Double-Bit Axe
16:17 Horse Collar
17:47 Bow Saw
18:26 Gold Mining
20:02 Wheelbarrow
20:11 Fishing Lines
24:41 Sanctity
27:38 Hand Cart
27:26 Heavy Plow
32:36 Imperial Age
31:13 Scale Mail Armor
31:23 Forging
31:58 Stone Mining
32:16 Squires
31:37 Pikeman
32:03 Arson
33:15 Chain Mail Armor
33:35 Iron Casting
33:13 Masonry
34:25 Chemistry
33:49 Siege Engineers
34:45 Two-Man Saw
34:28 Conscription
34:46 Masonry
35:17 Stone Shaft Mining
35:14 Crop Rotation
36:28 Plate Mail Armor
36:59 Blast Furnace
35:43 Halberdier
39:19 Blast Furnace
37:41 Cavalier
38:44 Scale Barding Armor
40:30 Loom
40:31 Town Watch
40:59 Bloodlines
41:46 Chain Barding Armor
42:17 Hoardings
41:31 Arrowslits
duckdowN
0:35 Loom
10:44 Feudal Age
11:21 Double-Bit Axe
14:33 Fletching
17:49 Scale Mail Armor
19:33 Horse Collar
29:25 Castle Age
35:34 Imperial Age
40:35 Bow Saw
tigerdownhill_
0:28 Loom
13:45 Feudal Age
14:48 Double-Bit Axe
16:32 Fletching
25:57 Castle Age
24:28 Gold Mining
24:31 Stone Mining
24:41 Horse Collar
24:59 Gold Mining
30:16 Wheelbarrow
36:25 Imperial Age
35:15 Bodkin Arrow
36:01 Ballistics
36:37 Heavy Plow
36:49 Bow Saw
36:57 Padded Archer Armor
38:04 Conscription
38:13 Bracer
38:31 Fishing Lines
39:19 Squires
39:56 Arson
40:25 Forging
40:18 Pikeman
41:05 Halberdier
Matasariano9065
1:53 Loom
15:42 Feudal Age
16:35 Double-Bit Axe
17:23 Horse Collar
25:30 Castle Age
24:45 Bloodlines
25:09 Forging
25:16 Scale Barding Armor
27:55 Wheelbarrow
32:55 Bow Saw
35:58 Imperial Age
33:03 Elite Skirmisher
33:49 Thumb Ring
33:40 Fletching
34:10 Heavy Plow
35:01 Ballistics
35:23 Bodkin Arrow
35:45 Gold Mining
35:50 Stone Mining
36:03 Padded Archer Armor
37:18 Block Printing
37:28 Hand Cart
36:59 Town Watch
37:07 Town Watch
37:34 Bracer
37:50 Leather Archer Armor
39:26 Chemistry
39:58 Ring Archer Armor
40:48 Redemption
42:05 Crop Rotation
CTM | Severo24cm
2:12 Loom
10:46 Feudal Age
14:44 Castle Age
13:25 Double-Bit Axe
13:28 Horse Collar
15:37 Bow Saw
20:49 Wheelbarrow
22:48 Heavy Plow
32:35 Imperial Age
30:30 Gold Mining
31:25 Wheelbarrow
31:22 Devotion
31:41 Bloodlines
31:31 Husbandry
30:52 Light Cavalry
32:00 Vendel Legacy
32:55 Scale Barding Armor
33:00 Forging
33:29 Hand Cart
32:59 Town Watch
33:35 Fortified Wall
33:49 Conscription
34:14 Chain Barding Armor
33:57 Treadmill Crane
35:19 Chemistry
34:33 Stone Mining
34:27 Hussar
34:39 Cavalier
36:25 Plate Barding Armor
36:25 Iron Casting
36:44 Masonry
36:30 Murder Holes
37:35 Crop Rotation
38:53 Two-Man Saw
37:59 Squires
37:44 Arson
37:20 Elite Varangian Guard
40:15 Stone Shaft Mining
39:20 Pikeman
39:46 Gambesons
40:05 Scale Mail Armor
41:16 Blast Furnace
41:41 Chain Mail Armor
41:16 Fletching
41:26 Gothikon
CTMl cachi
4:24 Double-Bit Axe
9:01 Horse Collar
11:16 Feudal Age
11:40 Loom
15:33 Castle Age
14:37 Scale Barding Armor
14:58 Bow Saw
18:05 Husbandry
24:14 Wheelbarrow
24:57 Chain Barding Armor
28:26 Heavy Plow
29:15 Hand Cart
29:08 Gold Mining
31:07 Gold Shaft Mining
31:51 Two-Man Saw
31:38 Forging
34:04 Imperial Age
30:57 Cavalier
33:22 Iron Casting
34:09 Paladin
35:29 Plate Barding Armor
36:32 Blast Furnace
CTM | Lelouch Jogo Bonito
2:19 Loom
10:33 Feudal Age
14:46 Castle Age
13:34 Double-Bit Axe
18:25 Redemption
18:35 Sanctity
18:54 Sanctity
25:30 Horse Collar
26:01 Bow Saw
28:04 Atonement
34:50 Fletching
36:05 Wheelbarrow
36:01 Bodkin Arrow
36:47 Pikeman
37:38 Heavy Plow
38:40 Hand Cart
42:41 Imperial Age
40:50 Padded Archer Armor
41:34 Paiks
41:53 Gold Mining
41:53 Stone Mining
Connection lost

Rejoining the realm…

Still unreachable

The connection could not be restored.

Session expired

The server has moved on; the page needs a fresh start.